SL
GRAFTON MIDDIES @ NEW AMSTERDAM REPUBLICS
04/17/2021
 
TOP OF THE 1ST
Grafton Middies batting - Pitching for New Amsterdam Republics : RHP Bobby Swain
Pitching: RHP Bobby Swain
Batting: RHB Justin Bingham 0-0: Ball
1-0: Swinging Strike
1-1: Ball
2-1: Ball
3-1: Foul Ball, location: 2F
3-2: Base on Balls
Batting: RHB Nam-sup Yi 0-0: SINGLE (Groundball, 6MD)
Justin Bingham to second
Batting: RHB Wes Bradley 0-0: Called Strike
0-1: Swinging Strike
0-2: Ball
1-2: Grounds into double play, 6-4-3 (Groundball, 6)
Justin Bingham to third
Batting: LHB Guillermo Romero 0-0: Called Strike
0-1: Swinging Strike
0-2: Ball
1-2: Fly out, F7 (Line Drive, 78D)
Top of the 1st over - 0 run(s), 1 hit(s), 0 error(s), 1 left on base; Grafton 0 - New Amsterdam 0
BOTTOM OF THE 1ST
New Amsterdam Republics batting - Pitching for Grafton Middies : LHP Reid Garner
Pitching: LHP Reid Garner
Batting: LHB Steve Ingram 0-0: Called Strike
0-1: Ground out 1-3 (Groundball, 23)
Batting: RHB Hank Wilder 0-0: Called Strike
0-1: Foul Ball, location: 2F
0-2: Ball
1-2: Foul Ball, location: 2F
1-2: Ball
2-2: Ball
3-2: Foul Ball, location: 2F
3-2: Ground out 4-3 (Groundball, 4M)
Batting: RHB Júlio Maldonado 0-0: Ball
1-0: Ball
2-0: Called Strike
2-1: Fly out, F7 (Line Drive, 7M)
Bottom of the 1st over - 0 run(s), 0 hit(s), 0 error(s), 0 left on base; Grafton 0 - New Amsterdam 0
TOP OF THE 2ND
Grafton Middies batting - Pitching for New Amsterdam Republics : RHP Bobby Swain
Batting: RHB Nathan Boswell 0-0: Fly out, F8 (Flyball, 8RM)
Batting: RHB Raúl Robles 0-0: Called Strike
0-1: Ball
1-1: SOLO HOME RUN (Flyball, 78XD), Distance : 422 ft
Batting: RHB Brady Ferris 0-0: Called Strike
0-1: Foul Ball, location: 2F
0-2: Strikes out looking
Batting: RHB Danny Hall 0-0: Ball
1-0: Ball
2-0: Ground out 4-3 (Groundball, 4)
Top of the 2nd over - 1 run(s), 1 hit(s), 0 error(s), 0 left on base; Grafton 1 - New Amsterdam 0
BOTTOM OF THE 2ND
New Amsterdam Republics batting - Pitching for Grafton Middies : LHP Reid Garner
Batting: RHB Carlos Ortega 0-0: Ball
1-0: Called Strike
1-1: Ground out 5-3 (Groundball, 56)
Batting: RHB Takeru Sanu 0-0: Called Strike
0-1: Foul Ball, location: 2F
0-2: SINGLE (Groundball, 15S) (infield hit)
Batting: RHB Júlio Gruzmán 0-0: Ball
1-0: Ball
2-0: Called Strike
2-1: Ground out 5-3 (Groundball, 5S)
Takeru Sanu to second
Batting: RHB Taikan Miura 0-0: Ball
1-0: Ball
2-0: Foul Ball, location: 2F
2-1: Ball
3-1: Ground out 5-3 (Groundball, 56)
Bottom of the 2nd over - 0 run(s), 1 hit(s), 0 error(s), 1 left on base; Grafton 1 - New Amsterdam 0
TOP OF THE 3RD
Grafton Middies batting - Pitching for New Amsterdam Republics : RHP Bobby Swain
Batting: RHB Pedro Orozco 0-0: Ground out 1-3 (Groundball, 15)
Batting: RHB Justin Bingham 0-0: Ball
1-0: Swinging Strike
1-1: DOUBLE (Line Drive, 78M)
Batting: RHB Nam-sup Yi 0-0: Ball
1-0: Ball
2-0: Called Strike
2-1: Ball
3-1: Foul Ball, location: 2F
3-2: Foul Ball, location: 2F
3-2: Strikes out looking
Batting: RHB Wes Bradley 0-0: SINGLE (Line Drive, 6M)
Justin Bingham to third
Runner from 3rd tries for Home, SAFE, no throw or cutoff
Batting: LHB Guillermo Romero 0-0: Ball
Wes Bradley steals 2nd base
1-0: Swinging Strike
1-1: Fly out, F9 (Line Drive, 89M)
Top of the 3rd over - 1 run(s), 2 hit(s), 0 error(s), 1 left on base; Grafton 2 - New Amsterdam 0
BOTTOM OF THE 3RD
New Amsterdam Republics batting - Pitching for Grafton Middies : LHP Reid Garner
Batting: RHB Mal Bussard 0-0: Ball
1-0: Ball
2-0: Swinging Strike
2-1: Foul Ball, location: 2F
2-2: Fly out, F7 (Flyball, 7M)
Batting: RHB Tim Robinson 0-0: Ball
1-0: Called Strike
1-1: Ball
2-1: Fly out, F8 (Flyball, 8LXD)
Batting: LHB Steve Ingram 0-0: Ground out 3-1 (Groundball, 34)
Bottom of the 3rd over - 0 run(s), 0 hit(s), 0 error(s), 0 left on base; Grafton 2 - New Amsterdam 0
TOP OF THE 4TH
Grafton Middies batting - Pitching for New Amsterdam Republics : RHP Bobby Swain
Batting: RHB Nathan Boswell 0-0: Ball
1-0: Ball
2-0: Foul Ball, location: 2F
2-1: Foul Ball, location: 2F
2-2: Fly out, F8 (Flyball, 8RD)
Batting: RHB Raúl Robles 0-0: Called Strike
0-1: Fly out, F2 (Popup, 2RF)
Batting: RHB Brady Ferris 0-0: Ground out 6-3 (Groundball, 56)
Top of the 4th over - 0 run(s), 0 hit(s), 0 error(s), 0 left on base; Grafton 2 - New Amsterdam 0
BOTTOM OF THE 4TH
New Amsterdam Republics batting - Pitching for Grafton Middies : LHP Reid Garner
Batting: RHB Hank Wilder 0-0: Ball
1-0: Ball
2-0: Swinging Strike
2-1: SOLO HOME RUN (Flyball, 78XD), Distance : 439 ft
Batting: RHB Júlio Maldonado 0-0: SINGLE (Line Drive, 8LS)
Batting: RHB Carlos Ortega 0-0: Ball
1-0: Called Strike
1-1: Reached on Error, E5 (Line Drive, 5)
Júlio Maldonado to second
Batting: RHB Takeru Sanu 0-0: Grounds into double play, 5-4-3 (Groundball, 56)
Júlio Maldonado to third
Batting: RHB Júlio Gruzmán 0-0: Foul Ball, location: 2F
0-1: Ball
1-1: Swinging Strike
1-2: Foul Ball, location: 2F
1-2: Ground out 2-3 (Groundball, 23)
Bottom of the 4th over - 1 run(s), 2 hit(s), 1 error(s), 1 left on base; Grafton 2 - New Amsterdam 1
TOP OF THE 5TH
Grafton Middies batting - Pitching for New Amsterdam Republics : RHP Bobby Swain
Pitching: LHP Frenk Norman
Batting: RHB Danny Hall 0-0: Foul Ball, location: 2F
0-1: Foul Ball, location: 2F
0-2: Ball
1-2: Ball
2-2: Ball
3-2: Base on Balls
Batting: RHB Pedro Orozco 0-0: Sac Bunt - play at first, batter OUT! 1-4
Danny Hall to second
Batting: RHB Justin Bingham 0-0: Ball
1-0: Foul Ball, location: 2F
1-1: Called Strike
1-2: Strikes out swinging
Batting: RHB Nam-sup Yi 0-0: Called Strike
0-1: Ball
1-1: Ball
2-1: SINGLE (Groundball, 56D)
Danny Hall to third
Runner from 3rd tries for Home, SAFE, no throw or cutoff
Batting: RHB Wes Bradley 0-0: Ball
1-0: Ball
2-0: Ball
3-0: Called Strike
3-1: Fielders Choice at 2nd, 6-4 (Groundball, 6)
Top of the 5th over - 1 run(s), 1 hit(s), 0 error(s), 0 left on base; Grafton 3 - New Amsterdam 1
BOTTOM OF THE 5TH
New Amsterdam Republics batting - Pitching for Grafton Middies : LHP Reid Garner
Pitching: RHP Bill Ball
Batting: RHB Taikan Miura 0-0: Ball
1-0: Called Strike
1-1: Foul Ball, location: 2F
1-2: Ball
2-2: Strikes out swinging
Batting: RHB Mal Bussard 0-0: Called Strike
0-1: Ball
1-1: Ball
2-1: Ball
3-1: DOUBLE (Line Drive, 7LS)
Batting: RHB Tim Robinson 0-0: Ball
1-0: Fly out, F3 (Flyball, 9LS)
Batting: LHB Steve Ingram 0-0: Ball
1-0: Ball
2-0: Ball
3-0: Called Strike
3-1: DOUBLE (Line Drive, 9LD)
Mal Bussard scores
Batting: RHB Hank Wilder 0-0: Ball
1-0: Ground out 4-3 (Groundball, 34)
Bottom of the 5th over - 1 run(s), 2 hit(s), 0 error(s), 1 left on base; Grafton 3 - New Amsterdam 2
TOP OF THE 6TH
Grafton Middies batting - Pitching for New Amsterdam Republics : LHP Frenk Norman
Batting: LHB Guillermo Romero 0-0: Called Strike
0-1: Ball
1-1: Ball
2-1: Foul Ball, location: 2F
2-2: Ground out 5-3 (Groundball, 56)
Batting: RHB Nathan Boswell 0-0: Fly out, F6 (Popup, 6)
Batting: RHB Raúl Robles 0-0: Foul Ball, location: 2F
0-1: Ground out 4-3 (Groundball, 4M)
Top of the 6th over - 0 run(s), 0 hit(s), 0 error(s), 0 left on base; Grafton 3 - New Amsterdam 2
BOTTOM OF THE 6TH
New Amsterdam Republics batting - Pitching for Grafton Middies : RHP Bill Ball
Batting: RHB Júlio Maldonado 0-0: Foul Ball, location: 2F
0-1: Called Strike
0-2: Ball
1-2: Ground out 5-3 (Groundball, 5S)
Batting: RHB Carlos Ortega 0-0: Called Strike
0-1: Called Strike
0-2: Ball
1-2: Ball
2-2: Strikes out swinging
Batting: RHB Takeru Sanu 0-0: Swinging Strike
0-1: Ball
1-1: Ball
2-1: Swinging Strike
2-2: Foul Ball, location: 2F
2-2: Ground out 6-3 (Groundball, 6)
Bottom of the 6th over - 0 run(s), 0 hit(s), 0 error(s), 0 left on base; Grafton 3 - New Amsterdam 2
TOP OF THE 7TH
Grafton Middies batting - Pitching for New Amsterdam Republics : LHP Frenk Norman
Batting: RHB Brady Ferris 0-0: Ball
1-0: Ball
2-0: Foul Ball, location: 2F
2-1: Ball
3-1: Swinging Strike
3-2: Foul Ball, location: 2F
3-2: Base on Balls
Batting: RHB Danny Hall 0-0: Called Strike
Brady Ferris steals 2nd base
0-1: Called Strike
0-2: Ball
1-2: Ball
2-2: Ball
3-2: Fly out, F7 (Line Drive, 78M)
Batting: RHB Pedro Orozco 0-0: Ball
1-0: Ball
2-0: Foul Ball, location: 2F
2-1: Ball
3-1: Called Strike
3-2: Base on Balls
Batting: RHB Justin Bingham 0-0: Called Strike
0-1: Ball
1-1: Ball
Brady Ferris steals 3rd base
Pedro Orozco to second
2-1: Foul Ball, location: 2F
2-2: SINGLE (Line Drive, 7S)
Brady Ferris scores
Pedro Orozco to third
Batting: RHB Nam-sup Yi 0-0: Grounds into double play, 2-6-3 (Groundball, 2L)
Top of the 7th over - 1 run(s), 1 hit(s), 0 error(s), 1 left on base; Grafton 4 - New Amsterdam 2
BOTTOM OF THE 7TH
New Amsterdam Republics batting - Pitching for Grafton Middies : RHP Bill Ball
Batting: RHB Júlio Gruzmán 0-0: Fly out, F9 (Flyball, 89M)
Batting: RHB Taikan Miura 0-0: Fly out, F3 (Popup, 3SF)
Batting: RHB Mal Bussard 0-0: Called Strike
0-1: Ground out 6-3 (Groundball, 6M)
Bottom of the 7th over - 0 run(s), 0 hit(s), 0 error(s), 0 left on base; Grafton 4 - New Amsterdam 2
TOP OF THE 8TH
Grafton Middies batting - Pitching for New Amsterdam Republics : LHP Frenk Norman
Batting: RHB Wes Bradley 0-0: Ball
1-0: SINGLE (Groundball, 6MD)
Pitching: LHP Víctor Sánchez
Pinch Hitting: RHB José Álvarez 0-0: Foul Ball, location: 2F
0-1: Ball
1-1: Ball
2-1: Ball
3-1: Base on Balls
Wes Bradley to second
Batting: RHB Nathan Boswell 0-0: Called Strike
0-1: Swinging Strike
0-2: Foul Ball, location: 2F
0-2: Ball
1-2: Ball
2-2: Strikes out looking
Pinch Hitting: RHB José Peña 0-0: Ball
1-0: Swinging Strike
1-1: Grounds into double play, 6-4-3 (Groundball, 6M)
Top of the 8th over - 0 run(s), 1 hit(s), 0 error(s), 1 left on base; Grafton 4 - New Amsterdam 2
BOTTOM OF THE 8TH
New Amsterdam Republics batting - Pitching for Grafton Middies : RHP Bill Ball
Now in LF: José Álvarez
Now in RF: José Peña
Batting: RHB Tim Robinson 0-0: Called Strike
0-1: Ball
1-1: Foul Ball, location: 2F
1-2: Strikes out swinging
Pinch Hitting: RHB Doug Reed 0-0: Swinging Strike
0-1: Ball
1-1: Ball
2-1: Ball
3-1: Called Strike
3-2: SINGLE (Groundball, 34)
Pinch Hitting: SHB Todd Hill 0-0: Ball
1-0: Grounds into double play, 1-4-3 (Groundball, 15)
Bottom of the 8th over - 0 run(s), 1 hit(s), 0 error(s), 0 left on base; Grafton 4 - New Amsterdam 2
TOP OF THE 9TH
Grafton Middies batting - Pitching for New Amsterdam Republics : LHP Víctor Sánchez
Pitching: RHP Hänsel Freeh
Now at SS: Keith Alexander
Now in RF: Doug Reed
Batting: RHB Brady Ferris 0-0: Called Strike
0-1: Ball
1-1: Ground out 5-3 (Groundball, 5L)
Pitching: RHP Ron Madison
Batting: RHB Danny Hall 0-0: Called Strike
0-1: Ground out 5-3 (Groundball, 56)
Pitching: RHP Juan Sánchez
Batting: RHB Pedro Orozco 0-0: Foul Ball, location: 2F
0-1: Called Strike
0-2: Ball
1-2: Ball
2-2: Fly out, F9 (Flyball, 9S)
Top of the 9th over - 0 run(s), 0 hit(s), 0 error(s), 0 left on base; Grafton 4 - New Amsterdam 2
BOTTOM OF THE 9TH
New Amsterdam Republics batting - Pitching for Grafton Middies : RHP Bill Ball
Pitching: RHP Frank Morse
Pinch Hitting: RHB Cory Hansen 0-0: Ball
1-0: Called Strike
1-1: Swinging Strike
1-2: Strikes out swinging
Pinch Hitting: LHB Eric Ward 0-0: Called Strike
0-1: Foul Ball, location: 2F
0-2: Strikes out swinging
Pinch Hitting: LHB Félix López 0-0: Ball
1-0: Ground out 4-3 (Groundball, 34)
Bottom of the 9th over - 0 run(s), 0 hit(s), 0 error(s), 0 left on base; Grafton 4 - New Amsterdam 2
This league is powered by Out of the Park Baseball, the baseball management simulation game for PC, Mac and Linux
Friday, January 22nd, 2016 - OOTP Baseball 16.9 Build 39